 Dungeon Crawl Stone Soup version 0.32-a0-928-g1cae6b7ea0 (webtiles) character file.

Game seed: 13947564261746350222

65 Dirtsage the Chopper (level 3, 0/31 HPs)
             Began as a Mountain Dwarf Fighter on Apr 12, 2024.
             Slain by a gnoll
             ... wielding a +0 halberd
              (12 damage)
             ... on level 2 of the Dungeon.
             The game lasted 00:01:07 (908 turns).

Dirtsage the Chopper (Mountain Dwarf Fighter)        Turns: 908, Time: 00:01:07

Health: 0/31       AC:  6    Str: 20    XL:     3   Next: 94%
Magic:  3/3        EV:  8    Int:  8    God:
Gold:   44         SH:  4    Dex:  9    Spells: 2/2 levels left

rFire   . . .        a - +0 war axe
rCold   . . .        c - +0 buckler
rNeg    . . .        b - +0 scale mail
rPois   .            (no helmet)
rElec   .            (no cloak)
rCorr   .            (no gloves)
SInv    .            (no boots)
Will    .....        (no amulet) Stlth
                     (no ring)
HPRegen 0.25/turn    (no ring)
MPRegen 0.08/turn

%: no passive effects
@: mighty
A: runic magic, artefact enchanting
a: no special abilities


You were on level 2 of the Dungeon.
You visited 1 branch of the dungeon, and saw 2 of its levels.

You collected 44 gold pieces.

Inventory:

Hand Weapons
 a - a +0 war axe (weapon)
Armour
 b - a +0 scale mail (worn)
 c - a +0 buckler (worn)
Scrolls
 e - a scroll of fog {unknown}
 f - a scroll of noise {unknown}
 g - 3 scrolls of identify {unknown}
 h - a scroll of teleportation {unknown}
Potions
 d - a potion of might
 i - 2 potions of haste {unknown}
 j - a potion of curing {unknown}


   Skills:
 - Level 3.2 Fighting
 + Level 5.2 Axes
 - Level 3.2 Armour
 - Level 3.2 Shields


You had 2 spell levels left.
You didn't know any spells.
Your spell library contained the following spells:

 Spells                   Type           Power      Damage    Failure   Level
 Fugue of the Fallen      Necr           0%         N/A       91%         3
 Ozocubu's Armour         Ice            0%         N/A       91%         3
 Manifold Assault         Tloc           0%         N/A       100%        7


Dungeon Overview and Level Annotations

Branches:
Dungeon (2/15)

Altars:

Shops:
D:2 [


Innate Abilities, Weirdness & Mutations

Your spellcasting is much less encumbered by armour.
You can use scrolls of enchantment on lesser artefacts.


Message History

The gnoll shouts!
You hear a shout!
A gnoll comes into view. It is wielding a +0 flail.
You feel very mighty all of a sudden.
You slash the gnoll!
The gnoll is almost dead.
The gnoll barely misses you.
A gnoll comes into view. It is wielding a +0 halberd.
The gnoll shouts!
You slash the gnoll!
You kill the gnoll!
You block the gnoll's attack.
A frilled lizard comes into view.
The frilled lizard hisses angrily.
You block the gnoll's attack.
Things that are here:
a +0 flail; a gnoll corpse You hit the gnoll.
The gnoll is moderately wounded.
The gnoll hits you with a +0 spear. The gnoll hits you but does no damage.
You take 5 damage, and have 26/31 hp.
You barely miss the gnoll. You hit the gnoll.
The gnoll hits you from afar with a +0 halberd!
The gnoll closely misses you. The gnoll hits you with a +0 flail.
You take 15 damage, and have 11/31 hp.
MASSIVE DAMAGE!!
You slash the gnoll!
You kill the gnoll!
You slash the gnoll!
You kill the gnoll!
The gnoll hits you but does no damage.
Your Axes skill increases to level 5!
The frilled lizard bites you but does no damage.
The gnoll closely misses you.
Things that are here:
a +0 flail; a gnoll corpse You hit the gnoll.
The gnoll is heavily wounded.
You slash the frilled lizard!
You kill the frilled lizard!
The gnoll hits you with a +0 halberd!
You die...

.# .# .# . ....##.## ##.
.# #....... ...
.###.#.#..######.#######
...#.#..........g.......
..........# #@#######
##.#.#....# #))......
##.#.#....# #.#######
##.#.#....# #.#
......>...# #.#######
####.#..#.# #.......# #
#.#..#.# #####...#.# #
#.#..#.####.###.#.# #
#.#...........)...#


You could see a gnoll.

Vanquished Creatures
  3 gnolls (D:2)
  2 dart slugs (D:1)
  A ribbon worm (D:2)
  An orc (D:2)
  3 bats (D:1)
  4 endoplasms
  2 giant cockroaches (D:1)
  A goblin (D:1)
  3 hobgoblins (D:1)
  3 ball pythons (D:1)
  A frilled lizard (D:2)
  2 kobolds (D:1)
  6 rats (D:1)
32 creatures vanquished.

Notes
Turn   | Place    | Note
-------+----------+-------------------------------------------
     0 | D:1      | Dirtsage the Mountain Dwarf Fighter began the quest for the
                  | Orb.
     0 | D:1      | Reached XP level 1. HP: 19/19 MP: 1/1
    72 | D:1      | Reached skill level 3 in Axes
   155 | D:1      | Reached XP level 2. HP: 26/26 MP: 2/2
   302 | D:1      | Reached skill level 4 in Axes
   566 | D:1      | Reached XP level 3. HP: 31/31 MP: 3/3
   712 | D:2      | Found Kuast's Antique Armour Emporium.
   907 | D:2      | Reached skill level 5 in Axes
   908 | D:2      | Slain by a gnoll

Illustrated notes

Levels and vault maps discovered:
D:1:      heliophobic_arrival_glass_houses, layout_loops_ring,
          minmay_splitting_lines, minmay_tetromino_o2
D:2:      layout_basic, serial_shops, nicolae_shop_just_a_little_nook,
          grunt_decor_clamped, uniq_crazy_yiuf_cottage

Skill      XL: |  1  2  3 |
---------------+----------+-----
Axes           | 3 4 5 |  5.2
Fighting       | |  3.2
Armour         | |  3.2
Shields        | |  3.2

Action                     || total
---------------------------++-------
  Melee: War axe           ||    90
    Use: Potion            ||     1
 Armour: Scale mail        ||    78
  Dodge: Dodged            ||    33
  Block: Buckler           ||    19

Table legend: (Time is in decaauts)
 A = Elapsed time spent in this place.
 B = Non-inter-level travel time spent in this place.
 C = Inter-level travel time spent in this place.
 D = Time resting spent in this place.
 E = Time spent auto-exploring this place.
 F = Levels seen in this place.
 G = Mean time per level.
                   A        B        C        D        E       F      G
               +--------+--------+--------+--------+--------+-----+--------+
         Total |    938 |    918 |     20 |      0 |    718 |   2 |  469.0 |
       Dungeon |    938 |    918 |     20 |      0 |    718 |   2 |  469.0 |
               +--------+--------+--------+--------+--------+-----+--------+

Top non-repeatable levels by time:
     D:1: 727 daAuts
     D:2: 211 daAuts
